[Event "Panchenko Memorial 2019"]
[Site "Chelyabinsk"]
[Date "2019.09.17"]
[Round "9.9"]
[White "Bocharov, Ivan"]
[Black "Nugumanov, Bakhtiyar"]
[Result "1-0"]
[ECO "B13"]
[WhiteElo "2557"]
[BlackElo "2387"]
[Annotator "ChessBase"]
[PlyCount "133"]
[EventDate "2019.09.09"]
[EventType "swiss"]
[EventCountry "RUS"]
[SourceTitle "playchess.com"]
[Source "ChessBase"]
[SourceQuality "1"]
[TimeControl "5400+30"]

1. e4 c6 2. d4 d5 3. exd5 cxd5 4. Bd3 Nc6 5. c3 Nf6 6. h3 g6 7. Bf4 Bf5 8. Be2 Bg7 9. Nf3 O-O 10. O-O Bxb1 11. Rxb1 e6 12. Bd3 a6 13. Re1 Ne8 14. h4 Nf6 15. Qe2 b5 16. a4 b4 17. Bxa6 Qb6 18. Bb5 bxc3 19. bxc3 Ne4 20. Qd3 Rfc8 21. Ng5 e5 22. Be3 Nxg5 23. hxg5 e4 24. Qe2 Qc7 25. f3 Ne7 26. fxe4 dxe4 27. c4 Nf5 28. Rbd1 Rd8 29. d5 Bf8 30. Qf2 Nxe3 31. Rxe3 Bc5 32. Kh1 Ra7 33. Qg3 Qxg3 34. Rxg3 e3 35. Re1 Re7 36. Re2 Re5 37. a5 Kf8 38. a6 Ke7 39. Rf3 h6 40. gxh6 Rh8 41. Rh3 f5 42. g3 g5 43. Kg2 Kf6 44. Rh1 Rh7 45. Rd1 Rxh6 46. d6 Rh8 47. d7 Rd8 48. Ra2 Ba7 49. Kf3 g4+ 50. Ke2 f4 51. gxf4 Rh5 52. Kd3 Kf5 53. Rf1 Rh3 54. Re2 g3 55. Rg2 Rh6 56. Rxg3 Rd6+ 57. Ke2 Ke4 58. Rd1 Rh6 59. Rg2 Kxf4 60. Rd5 Rh1 61. Rdg5 Rh2 62. Rxh2 Kxg5 63. Rh7 Kf6 64. Rh5 Bd4 65. Rd5 Ba7 66. c5 Ke6 67. Bc6 1-0

[Event "Panchenko Memorial 2019"]
[Site "Chelyabinsk"]
[Date "2019.09.17"]
[Round "9.10"]
[White "Tsvetkov, Andrey"]
[Black "Zakhartsov, Vladimir"]
[Result "0-1"]
[ECO "E73"]
[WhiteElo "2373"]
[BlackElo "2519"]
[Annotator "ChessBase"]
[PlyCount "40"]
[EventDate "2019.09.09"]
[EventType "swiss"]
[EventCountry "RUS"]
[SourceTitle "playchess.com"]
[Source "ChessBase"]
[SourceQuality "1"]
[TimeControl "5400+30"]

1. d4 Nf6 2. c4 g6 3. Nc3 Bg7 4. e4 d6 5. Be2 O-O 6. Be3 e5 7. d5 Na6 8. h4 Nc5 9. Qc2 c6 10. h5 cxd5 11. cxd5 Qa5 12. hxg6 Ncxe4 13. gxh7+ Kh8 14. Bh6 Bf5 15. Bxg7+ Kxg7 16. Bd3 Rac8 17. Nf3 Bg6 18. Nh4 Nxc3 19. Qd2 e4 20. Qg5 Qxd5 0-1